 Dungeon Crawl Stone Soup version 0.31-a0-435-g2c6fae2916 (webtiles) character file.

Game seed: 16415226027864001668

1934 BritishOli the Trooper (level 8, -6/67 HPs)
             Began as a Demonspawn Fighter on July 27, 2023.
             Mangled by an ogre
             ... wielding a +0 giant club
              (30 damage)
             ... on level 6 of the Dungeon on Aug 1, 2023.
             The game lasted 00:05:55 (4911 turns).

BritishOli the Trooper (Demonspawn Fighter)         Turns: 4911, Time: 00:05:55

Health: -6/67      AC: 15    Str: 18    XL:     8   Next: 97%
Magic:  8/8        EV:  5    Int: 16    God:
Gold:   119        SH:  4    Dex: 13    Spells: 7/7 levels left

rFire   . . .        q - +2 hand axe (heavy)
rCold   . . .        c - +0 buckler
rNeg    . . .        m - +0 plate armour
rPois   .            (no helmet)
rElec   .            (no cloak)
rCorr   .            (no gloves)
SInv    .            (no boots)
Will    .....        (no amulet) Stlth
                     i - ring of flight
HPRegen 0.31/turn    g - +6 ring of intelligence
MPRegen 0.11/turn

%: no passive effects
@: flying
A: hooves 2, thin metallic scales 1, spiny 2
a: no special abilities


You were on level 6 of the Dungeon.
You visited 2 branches of the dungeon, and saw 7 of its levels.

You collected 255 gold pieces.
You spent 136 gold pieces at shops.

Inventory:

Hand Weapons
 q - a +2 heavy hand axe (weapon)
 s - the +6 shortbow "Nefigani" {elec, rN+++}
   (You found it on level 5 of the Dungeon)

   rN:        It renders you almost immune to negative energy.
 y - the +3 long sword of Action {freeze, *Slow Int+4 Stlth+}
   (You took it off a gnoll on level 6 of the Dungeon)

   Int:       It affects your intelligence (+4).
   *Slow:     It may slow you when you take damage.
   Stlth:     It makes you more stealthy.
Missiles
 b - a throwing net
Armour
 c - a +0 buckler (worn)
 m - a +0 plate armour (worn)
 v - +0 acid dragon scales
Jewellery
 g - a +6 ring of intelligence (right hand)
 i - a ring of flight (left hand)
Scrolls
 a - 2 scrolls of revelation {unknown}
 e - a scroll of noise {unknown}
 f - 5 scrolls of identify {unknown}
 j - 2 scrolls of brand weapon {unknown}
 k - 4 scrolls of teleportation
 l - a scroll of vulnerability {unknown}
 p - a scroll of blinking
 r - a scroll of butterflies {unknown}
 u - a scroll of acquirement {unknown}
 w - a scroll of fog {unknown}
Potions
 d - 2 potions of might
 h - 2 potions of curing {unknown}
 n - 2 potions of heal wounds {unknown}
 o - a potion of invisibility {unknown}
 t - a potion of brilliance {unknown}
 x - a potion of enlightenment {unknown}


   Skills:
 + Level 7.4 Fighting
 + Level 6.3 Axes
 + Level 6.6 Armour
 - Level 3.0 Shields


You had 7 spell levels left.
You didn't know any spells.
Your spell library contained the following spells:

 Spells                   Type           Power      Damage    Failure   Level
 Cigotuvi's Dreadful Rot  Necr/Pois/Air  0%         N/A       100%        2
 Scorch                   Fire           0%         2d5       100%        2
 Ignite Poison            Fire/Tmut/Pois 0%         N/A       100%        3
 Stone Arrow              Conj/Erth      0%         3d7       100%        3
 Animate Armour           Summ/Erth      0%         N/A       100%        4
 Flame Wave               Conj/Fire      0%         2d4       100%        4
 Freezing Cloud           Conj/Ice/Air   0%         6-21      100%        5
 Summon Cactus Giant      Summ           0%         N/A       100%        6
 Lehudib's Crystal Spear  Conj/Erth      0%         10d2      100%        8


Dungeon Overview and Level Annotations

Branches:
Dungeon (6/15)             Temple (1/1) D:5

Altars:
Ashenzari
Cheibriados
Dithmenos
Fedhas
Gozag
Hepliaklqana
Kikubaaqudgha
Nemelex Xobeh
Okawaru
Qazlal
Ru
Trog
Uskayaw
Wu Jian
Yredelemnul

Shops:
D:1 [(?   D:4 ?

Annotations:
D:5 4 runed translucent doors, Crazy Yiuf; andwaal's ghost, novice TeCj; bdfhjk's ghost, novice DECj


Innate Abilities, Weirdness & Mutations

You have hoof-like feet.
You are partially covered in thin metallic scales. (AC +2)
You are mostly covered in sharp spines.


Message History

The shadow imp gestures at you.
You struggle to resist.
The shadow imp is struck by your spines.
The shadow imp hits you but does no damage.
You hit the shadow imp but do no damage.
You kick the shadow imp, but do no damage.
The shadow imp is severely wounded.
The shadow imp hits you but does no damage.
You slash the shadow imp!
You kill the shadow imp!
No target in view!
No target in view!
No target in view!
You now have 119 gold pieces (gained 13).
An ogre comes into view. It is wielding a +0 giant club.
The ogre shouts!
An ogre is nearby!
A scorpion comes into view.
Found a scroll labelled ILOILI GURUR.
There are monsters nearby!
There are monsters nearby!
The ogre is struck by your spines. The ogre barely misses you.
You barely miss the ogre. You kick the ogre.
The ogre is moderately wounded.
The ogre hits you with a +0 giant club!!
You hit the ogre.
The ogre is heavily wounded.
The ogre is struck by your spines.
The ogre hits you with a +0 giant club!!
You are too injured to fight recklessly!
There are monsters nearby!
You are too injured to fight recklessly!
You hit the ogre.
The ogre is heavily wounded.
The ogre hits you with a +0 giant club!
You barely miss the ogre. You kick the ogre.
The ogre is severely wounded.
The ogre is struck by your spines.
The ogre hits you with a +0 giant club!!
You die...

#.##.#
#?#.#
#.##.#
#.#.#
#....#
#.#.# ###
#.#.# #.#.#
######.#.#
.......#.##
##...#
#@#.#.#
#O##.##.#
#s# #.# #.#
... ... .#
.## #.# # #
#s# .#


You could see an ogre and a scorpion.

Vanquished Creatures
  Pikel (D:4)
  Grinder (D:5)
  Menkaure (D:4)
  An acid dragon (D:6)
  An orc warrior (D:5)
  A black bear (D:3)
  An ogre (D:4)
  A centaur (D:5)
  Blork the orc (D:4)
  3 lemures (D:4)
  2 scorpions (D:5)
  A vampire bat (D:4)
  A hound (D:4)
  A gnoll bouda (D:6)
  Jessica (D:3)
  2 sleepcaps
  3 orc wizards
  9 gnolls (D:6)
  4 adders
  A shadow imp (D:6)
  A white imp (D:5)
  2 worms
  10 orcs
  6 ball pythons
  3 bats
  4 bat skeletons (D:4)
  2 bat zombies (D:4)
  9 endoplasms
  3 giant cockroaches
  6 goblins
  4 hobgoblins
  7 jackals
  4 kobolds
  6 quokkas
  4 frilled lizards
  5 rats
  A spectral goblin (D:1)
114 creatures vanquished.

Notes
Turn   | Place    | Note
-------+----------+-------------------------------------------
     0 | D:1      | BritishOli the Demonspawn Fighter began the quest for the
                  | Orb.
     0 | D:1      | Reached XP level 1. HP: 18/18 MP: 1/1
    21 | D:1      | Found Laemill's Magic Scroll Emporium.
    70 | D:1      | Found Zadytir's Weapon Shoppe.
   287 | D:1      | Found a faded altar of an unknown god.
   328 | D:1      | Gained mutation: You have large cloven feet. [demonic
                  | ancestry]
   328 | D:1      | Reached XP level 2. HP: 20/23 MP: 2/2
   604 | D:1      | Found Zygawip's Armour Shoppe.
   988 | D:2      | Gained mutation: You are partially covered in sharp spines.
                  | [demonic ancestry]
   988 | D:2      | Reached XP level 3. HP: 29/29 MP: 3/3
  1385 | D:2      | Upgraded the game from 0.31-a0-361-g0f8bd3a31e to
                  | 0.31-a0-435-g2c6fae2916
  1480 | D:3      | Noticed a black bear
  1487 | D:3      | Killed a black bear
  1488 | D:3      | Gained mutation: You are partially covered in thin metallic
                  | scales. (AC +2) [demonic ancestry]
  1488 | D:3      | Reached XP level 4. HP: 31/37 MP: 4/4
  1550 | D:3      | Reached skill level 4 in Fighting
  1609 | D:3      | Reached XP level 5. HP: 42/42 MP: 5/5
  1952 | D:3      | Noticed Jessica
  1963 | D:3      | Killed Jessica
  2181 | D:4      | Noticed an ogre
  2189 | D:4      | Killed an ogre
  2190 | D:4      | Gained mutation: You have hoof-like feet. [demonic
                  | ancestry]
  2190 | D:4      | Reached XP level 6. HP: 8/49 MP: 6/6
  2431 | D:4      | Noticed Pikel
  2445 | D:4      | Killed Pikel
  2446 | D:4      | Reached skill level 5 in Fighting
  2446 | D:4      | Reached skill level 5 in Armour
  2446 | D:4      | Gained mutation: You are mostly covered in sharp spines.
                  | [demonic ancestry]
  2446 | D:4      | Reached XP level 7. HP: 25/57 MP: 7/7
  2644 | D:4      | Noticed Blork the orc
  2650 | D:4      | Killed Blork the orc
  2851 | D:4      | Reached skill level 6 in Fighting
  2960 | D:4      | Found Kozy's Magic Scroll Boutique.
  2963 | D:4      | Bought a scroll of teleportation for 39 gold pieces
  2963 | D:4      | Bought a scroll of blinking for 97 gold pieces
  3061 | D:4      | Found an ancient bone altar of Kikubaaqudgha.
  3071 | D:4      | Reached skill level 5 in Axes
  3128 | D:4      | Noticed Menkaure
  3134 | D:4      | Killed Menkaure
  3135 | D:4      | Reached XP level 8. HP: 11/64 MP: 8/8
  3498 | D:5      | Entered Level 5 of the Dungeon
  3581 | D:5      | Identified the +6 shortbow "Nefigani" {elec, rN+++}
  3622 | D:5      | Found a staircase to the Ecumenical Temple.
  3660 | Temple   | Entered the Ecumenical Temple
  3691 | D:5      | Noticed Grinder
  3697 | D:5      | Paralysed by Grinder for 2 turns
  3704 | D:5      | Killed Grinder
  3929 | D:5      | Reached skill level 7 in Fighting
  4247 | D:5      | Found a runed translucent door.
  4248 | D:5      | Noticed Crazy Yiuf
  4372 | D:5      | Found a runed translucent gate.
  4372 | D:5      | Found a runed translucent gate.
  4372 | D:5      | Found a runed translucent gate.
  4373 | D:5      | Noticed bdfhjk's ghost (novice DECj)
  4373 | D:5      | Noticed andwaal's ghost (novice TeCj)
  4700 | D:6      | Identified the +3 long sword of Action {freeze, *Slow Int+4
                  | Stlth+}
  4911 | D:6      | Mangled by an ogre

Illustrated notes

Levels and vault maps discovered:
D:1:      matt_arrival_debris, layout_loops_ring,
          dreamdust_ecumenical_altar_drowned_temple, serial_shops,
          nicolae_shop_stone, shop, nicolae_shop_statue_plus,
          minmay_misc_feat_doors, patterned_corridor
D:2:      layout_basic
D:3:      layout_basic, st_stairs_2, ebering_dispersal_statue_hall,
          nicolae_titane, uniq_jessica
D:4:      layout_layer_cave, kennysheep_vampire_church, serial_shops,
          nicolae_shop_rolled_up, uniq_pikel, uniq_menkaure, uniq_blork_the_orc
D:5:      layout_rooms, minmay_temple_entry_grid, gammafunk_ghost_cemetery,
          nrook_mini_vaults, hex_medium, uniq_crazy_yiuf_cottage, uniq_grinder
D:6:      layout_loops_ring, chequers_avenue
Temple:   sentei_temple_godly_chess

Skill      XL: |  1  2  3  4  5  6  7  8 |
---------------+-------------------------+-----
Axes           | 2 3 4 5 6 |  6.3
Armour         | 3 4 5 6 |  6.6
Shields        | 3 |  3.0
Fighting       | 4 5 6 7 |  7.4

Action                     |  1- 3 |  4- 6 |  7- 9 || total
---------------------------+-------+-------+-------++-------
  Melee: War axe           |    76 |    86 |     6 ||   168
         Kick              |     9 |    22 |    18 ||    49
         Hand axe          |       |       |    68 ||    68
 Armour: Scale mail        |    33 |    42 |    37 ||   112
         Plate armour      |       |       |     9 ||     9
  Dodge: Dodged            |    32 |    37 |    33 ||   102
  Block: Buckler           |    12 |    17 |    30 ||    59

Table legend: (Time is in decaauts)
 A = Elapsed time spent in this place.
 B = Non-inter-level travel time spent in this place.
 C = Inter-level travel time spent in this place.
 D = Time resting spent in this place.
 E = Time spent auto-exploring this place.
 F = Levels seen in this place.
 G = Mean time per level.
                   A        B        C        D        E       F      G
               +--------+--------+--------+--------+--------+-----+--------+
         Total |   5017 |   4731 |    286 |    688 |   3288 |   7 |  716.7 |
       Dungeon |   5010 |   4731 |    279 |    688 |   3288 |   6 |  835.0 |
        Temple |      7 |      0 |      7 |      0 |      0 |   1 |    7.0 |
               +--------+--------+--------+--------+--------+-----+--------+

Top non-repeatable levels by time:
     D:4: 1390 daAuts
     D:5: 999 daAuts
     D:1: 924 daAuts
     D:3: 745 daAuts
     D:2: 515 daAuts
     D:6: 434 daAuts
  Temple: 7 daAuts
